 Dungeon Crawl Stone Soup version 0.21-a0-344-g2144152 (webtiles) character file.

94 Gruud the Slasher (level 4, -1/33 HPs)
             Began as a Demonspawn Gladiator on Oct 4, 2017.
             Slain by a gnoll
             ... wielding a +0 whip
              (8 damage)
             ... on level 2 of the Dungeon.
             The game lasted 00:02:08 (691 turns).

Gruud the Slasher (Demonspawn Gladiator)             Turns: 691, Time: 00:02:09

Health: -1/33      AC:  9    Str: 15    XL:     4   Next: 38%
Magic:  4/4        EV:  7    Int: 10    God:
Gold:   125        SH:  0    Dex: 14    Spells: 3/3 levels left

rFire    . . .     SeeInvis .   a - +0 long sword
rCold    . . .     Gourm    .   (no shield)
rNeg     . . .     Faith    .   q - +0 chain mail (curse)
rPois    .         Spirit   .   c - +0 helmet
rElec    .         Reflect  .   (no cloak)
rCorr    .         Harm     .   (no gloves)
MR       .....                  (no boots)
Stlth    ..........             (no amulet)
HPRegen  0.11/turn              (no ring)
MPRegen  0.09/turn              (no ring)

@: no status effects
A: rot immunity
a: no special abilities


You were on level 2 of the Dungeon.
You were not hungry.

You visited 1 branch of the dungeon, and saw 2 of its levels.

You collected 125 gold pieces.

Inventory:

Hand Weapons
 a - a +0 long sword (weapon)
Missiles
 d - 3 throwing nets (quivered)
 k - 3 poisoned needles
Armour
 c - a +0 helmet (worn)
 q - a cursed +0 chain mail (worn)
Wands
 n - a wand of random effects (34/48)
Scrolls
 b - a scroll of immolation {unknown}
 e - a scroll of teleportation
 i - a scroll of identify {unknown}
 m - a scroll of enchant armour {unknown}
 o - a scroll of noise {unknown}
 s - a scroll of amnesia {unknown}
Potions
 h - 2 potions of curing {unknown}
 j - 2 potions of lignification {unknown}
 p - a potion of ambrosia {unknown}
 r - a potion of cancellation {unknown}
Comestibles
 f - 4 bread rations
 g - a fruit
 l - a royal jelly


   Skills:
 - Level 2.0 Fighting
 * Level 4.8 Long Blades
 - Level 1.7 Throwing
 - Level 2.6 Dodging


You had 3 spell levels left.
You didn't know any spells.

Dungeon Overview and Level Annotations

Branches:
Dungeon (2/15)

Altars:


Innate Abilities, Weirdness & Mutations

You are immune to rotting.


Message History

The gnoll barely misses you.
The gnoll hits you from afar with a spear.
You hit the gnoll.
The gnoll is almost dead.
The gnoll hits you but does no damage. x3
Your chain mail prevents you from hitting the gnoll.
The gnoll is almost dead.
The gnoll hits you from afar with a spear.
The gnoll hits you but does no damage.
You closely miss the gnoll.
The gnoll is almost dead.
The gnoll hits you from afar with a spear.
The gnoll hits you with a whip.
The gnoll hits you from afar with a spear.
* * * LOW HITPOINT WARNING * * *
You slash the gnoll!
You kill the gnoll!
The gnoll hits you but does no damage. The gnoll hits you with a whip!
You die...

#........##...###...
#...................
#........###).......
#........#....>.....
##.###.....##...##..
#.# #.........(##..
#.###...#.####(##..
####...g...#.####.#...
#....@##.....##..)....
##....ggw...###.......
##...###..............
#....................#
#....########......###
####.### ###.......
##...# ##...####
#....## ##....####
#.....## #.........


You could see a worm and 3 gnolls.

Vanquished Creatures
  Jessica (D:2)
  A gnoll (D:2)
  5 adders (D:2)
  2 ball pythons
  2 hobgoblins (D:1)
  A kobold (D:2)
  2 bats
  3 goblins (D:1)
  2 rats
19 creatures vanquished.

Notes
Turn   | Place    | Note
-------+----------+-------------------------------------------
     0 | D:1      | Gruud the Demonspawn Gladiator began the quest for the Orb.
     0 | D:1      | Reached XP level 1. HP: 16/16 MP: 1/1
    25 | D:1      | Reached skill level 3 in Long Blades
   122 | D:1      | Gained mutation: You are immune to rotting. [demonic ancestry]
   122 | D:1      | Reached XP level 2. HP: 22/22 MP: 2/2
   318 | D:2      | Noticed Jessica
   329 | D:2      | Reached XP level 3. HP: 21/27 MP: 3/3
   469 | D:2      | Reached skill level 4 in Long Blades
   619 | D:2      | Killed Jessica
   619 | D:2      | Reached XP level 4. HP: 33/33 MP: 4/4
   691 | D:2      | Slain by a gnoll

Vault maps used:
D:1:      nicolae_arrival_washed_ashore
D:2:      first_bread, grunt_ministairs_9, uniq_jessica

Skill      XL: |  1  2  3 |
---------------+----------+-----
Long Blades    | 3 4 |  4.8
Fighting       | |  2.0
Throwing       | |  1.7
Dodging        | |  2.6

Action                   |  1- 3 |  4- 6 || total
-------------------------+-------+-------++-------
Melee: Long sword        |    66 |     8 ||    74
  Use: Scroll            |     1 |       ||     1
Armor: Leather armour    |    13 |       ||    13
       Chain mail        |    19 |     7 ||    26
Dodge: Dodged            |    43 |     4 ||    47
       Rpst.: Long sword |    19 |       ||    19

Table legend:
 A = Spawn XP
 B = Non-spawn XP
 C = Spawn XP percentage of total XP
 D = Spawn monster count
 E = Non-spawn monster count
 F = Spawn count percentage of total count
 G = Total turns spent on level
                    A         B        C        D         E        F      G
               +---------+---------+-------+---------+---------+-------+---------
         Total |       0 |     135 |   0.0 |       0 |      19 |   0.0 |   691
               +---------+---------+-------+---------+---------+-------+---------
           D:1 |       0 |      13 |   0.0 |       0 |       8 |   0.0 |   216
           D:2 |       0 |     122 |   0.0 |       0 |      11 |   0.0 |   475
               +---------+---------+-------+---------+---------+-------+---------
